 Dungeon Crawl Stone Soup version 0.23.2-1-ga50397a (webtiles) character file.

Game seed: 1549886084235826825

106 Borgoz the Skirmisher (level 4, -4/41 HPs)
             Began as a Minotaur Monk on May 25, 2019.
             Slain by a gnoll
             ... wielding a +0 spear
              (7 damage)
             ... on level 3 of the Dungeon.
             The game lasted 00:01:54 (2062 turns).

Borgoz the Skirmisher (Minotaur Monk)               Turns: 2062, Time: 00:01:55

Health: -4/41      AC:  3    Str: 17    XL:     4   Next: 55%
Magic:  3/3        EV: 14    Int:  7    God:
Gold:   157        SH:  0    Dex: 12    Spells: 3/3 levels left

rFire    . . .     SeeInvis .   a - +0 hand axe
rCold    . . .     Gourm    .   (no shield)
rNeg     . . .     Faith    .   b - +0 robe
rPois    .         Spirit   .   (helmet restricted)
rElec    .         Reflect  .   (no cloak)
rCorr    .         Harm     .   (no gloves)
MR       .....                  e - +0 pair of boots
Stlth    ++........             k - amulet of inaccuracy (curse)
HPRegen  0.13/turn              (no ring)
MPRegen  0.08/turn              (no ring)

@: no status effects
A: retaliatory headbutt, horns 2
a: no special abilities


You were on level 3 of the Dungeon.
You were not hungry.

You visited 1 branch of the dungeon, and saw 3 of its levels.

You collected 157 gold pieces.

Inventory:

Hand Weapons
 a - a +0 hand axe (weapon)
Armour
 b - a +0 robe (worn)
 e - a +0 pair of boots (worn)
Jewellery
 k - a cursed amulet of inaccuracy (around neck)
 n - an uncursed amulet of harm {unknown}
Scrolls
 d - a scroll of enchant armour {unknown}
 g - a scroll of amnesia {unknown}
 i - a scroll of remove curse {unknown}
 l - a scroll of magic mapping {unknown}
 m - a scroll of teleportation {unknown}
 o - a scroll of immolation {unknown}
 p - a scroll of noise {unknown}
Potions
 f - a potion of might {unknown}
 h - a potion of flight {unknown}
Comestibles
 c - 6 rations
 j - 5 chunks of flesh


   Skills:
 + Level 4.5 Fighting
 + Level 4.4 Axes
 + Level 2.2 Armour
 + Level 4.1 Dodging
 - Level 1.5 Stealth


You had 3 spell levels left.
You didn't know any spells.
Your spell library was empty.

Dungeon Overview and Level Annotations

Branches:
Dungeon (3/15)

Altars:


Innate Abilities, Weirdness & Mutations

You reflexively headbutt those who attack you in melee.
You have a pair of horns on your head.


Message History

You kill the hobgoblin!
The gnoll hits you from afar with a +0 spear!
You closely miss the hobgoblin.
The gnoll hits you from afar with a +0 spear.
The hobgoblin misses you.
You closely miss the hobgoblin.
The gnoll hits you from afar with a +0 spear!
* * * LOW HITPOINT WARNING * * *
The hobgoblin barely misses you.
You hit the hobgoblin.
The hobgoblin is moderately wounded.
The gnoll barely misses you. The hobgoblin misses you.
You miss the hobgoblin.
The hobgoblin is moderately wounded.
The gnoll hits you but does no damage. The hobgoblin hits you with a +0 club.
* * * LOW HITPOINT WARNING * * *
You hit the hobgoblin.
You kill the hobgoblin!
The gnoll hits you from afar with a +0 spear!
You die...

##### #...###############
#...#..............
#...#.............)
##)##..............
#......########... #......#
#... #@)....########...
#)##..............
.g.#...........(..
#≈≈≈≈≈≈≈≈≈#...#.............)
#≈≈≈≈≈≈≈≈≈#...###############
#≈≈≈≈≈≈≈≈≈#####≈≈≈≈≈≈≈≈≈≈≈≈≈≈
#≈≈≈≈≈≈≈≈≈≈≈≈≈≈≈≈≈≈≈≈≈≈≈≈≈≈≈≈
#≈≈≈≈≈≈≈≈≈≈≈≈≈≈≈≈≈≈≈≈≈≈≈≈≈≈≈≈
#≈..≈≈.≈≈≈≈≈≈≈≈≈≈.≈.≈.≈.≈≈.≈≈


You could see a gnoll.

Vanquished Creatures
  A worker ant (D:2)
  2 adders (D:2)
  2 leopard geckos (D:1)
  2 ball pythons (D:2)
  3 giant cockroaches
  14 hobgoblins
  4 jackals (D:3)
  A bat (D:1)
  A frilled lizard (D:2)
  18 goblins
  2 kobolds
  A rat (D:2)
51 creatures vanquished.

Notes
Turn   | Place    | Note
-------+----------+-------------------------------------------
     0 | D:1      | Borgoz the Minotaur Monk began the quest for the Orb.
     0 | D:1      | Reached XP level 1. HP: 19/19 MP: 0/0
   688 | D:2      | Reached XP level 2. HP: 27/27 MP: 1/1
   832 | D:2      | Reached skill level 1 in Armour
   844 | D:2      | Reached XP level 3. HP: 20/33 MP: 2/2
  1463 | D:3      | Reached XP level 4. HP: 41/41 MP: 3/3
  2061 | D:3      | HP: 2/41 [hobgoblin/+0 club (3)]
  2062 | D:3      | Slain by a gnoll

Skill      XL: |  1  2  3  4 |
---------------+-------------+-----
Armour         | 1 2 |  2.2
Fighting       | 4 |  4.5
Axes           | 4 |  4.4
Dodging        | 4 |  4.1
Stealth        | |  1.5

Action                   |  1- 3 |  4- 6 || total
-------------------------+-------+-------++-------
Melee: Hand axe          |    44 |    53 ||    97
       Headbutt          |     5 |     8 ||    13
 Stab: Sleeping          |     3 |       ||     3
  Eat: Chunk             |     2 |     2 ||     4
Armor: Robe              |     8 |     7 ||    15
Dodge: Dodged            |    45 |    51 ||    96
